 Dungeon Crawl Stone Soup version 0.26-a0-597-gb535b0901c (webtiles) character file.

Game seed: 2375482607493706756

274 Lanoc the Covered (level 6, -1/42 HPs)
             Began as a Halfling Wanderer on Sept 1, 2020.
             Was a Follower of Okawaru.
             Slain by an unseen horror (7 damage)
             ... on level 6 of the Dungeon.
             The game lasted 00:03:49 (1727 turns).

Lanoc the Covered (Halfling Wanderer)               Turns: 1727, Time: 00:03:50

Health: -1/42      AC:  2    Str: 11 (13) XL:     6   Next: 49%
Magic:  7/7        EV: 16    Int:  6 (9)  God:    Okawaru [*.....]
Gold:   150        SH:  0    Dex: 16 (17) Spells: 5/5 levels left

rFire    . . .     SeeInvis .   a - +2 hand crossbow
rCold    . . .     Faith    .   (shield restricted)
rNeg     . . .     Spirit   .   e - +0 robe
rPois    .         Reflect  .   (no helmet)
rElec    .         Harm     .   (no cloak)
rCorr    .                      (no gloves)
MR       .....                  (no boots)
Stlth    ++........             (no amulet)
HPRegen  0.14/turn              (no ring)
MPRegen  0.10/turn              (no ring)

@: no status effects
A: small, mutation resistance 1
a: Heroism, Renounce Religion


You were on level 6 of the Dungeon.
You worshipped Okawaru.
Okawaru was aware of your devotion.
You visited 1 branch of the dungeon, and saw 4 of its levels.

You collected 150 gold pieces.

Inventory:

Hand Weapons
 a - a +2 hand crossbow (weapon)
 l - a +0 hunting sling
Missiles
 b - 36 bolts (quivered)
 g - 140 stones
Armour
 e - a +0 robe (worn)
Jewellery
 m - an uncursed ring of wizardry {unknown}
Scrolls
 c - 3 scrolls of teleportation
 h - 7 scrolls of identify {unknown}
 i - a scroll of fog {unknown}
 j - 3 scrolls of enchant weapon {unknown}
 k - 2 scrolls of remove curse {unknown}
 o - 2 scrolls of enchant armour {unknown}
 r - a scroll of blinking {unknown}
Potions
 d - a potion of lignification
 f - a potion of degeneration
 n - 2 potions of curing {unknown}
 p - a potion of flight {unknown}
 q - a potion of mutation {unknown}
 s - a potion of haste {unknown}


   Skills:
 + Level 3.2 Fighting
 * Level 1.9(2.7) Slings
 - Level 2.1 Crossbows
 - Level 2.0(2.1) Throwing
 + Level 3.3 Armour
 + Level 3.0 Dodging
 - Level 1.1 Stealth
 - Level 1.5 Unarmed Combat
 + Level 2.3 Invocations


You had 5 spell levels left.
You didn't know any spells.
Your spell library was empty.

Dungeon Overview and Level Annotations

Branches:
Dungeon (3/15)

Altars:
Ashenzari
Fedhas
Gozag
Hepliaklqana
Okawaru
Zin


Innate Abilities, Weirdness & Mutations

You are small and have problems with some larger weapons.
You are somewhat resistant to further mutation.


Message History

You feel sick.
You are no longer poisoned.
b - 35 bolts (gained 1)
b - 36 bolts (gained 1)
Found a scale mail.
Found a stone staircase leading down.
A leopard gecko comes into view.
Something hits you!
Deactivating autopickup; reactivate with Ctrl-A.
You see here a bolt.
Something hits you! Something hits you. Something hits you.
* * * LOW HITPOINT WARNING * * *
The leopard gecko hisses angrily.
Something hits you but does no damage. Something barely misses you.
Something hits you.
* * * LOW HITPOINT WARNING * * *
There is a stone staircase leading down here.
Something barely misses you. Something hits you!
You die...

#........# ##
#........# ..^ ..#
#........# ...
.Y.#........#####..
#.#........##....##
#..........)......
##........l##.#.##
#...(.....#....#
#...(.....#.@###
#.......(..l..#
#.........(...#
#............####
##...........#
#...........#
#...........#
#..........##
.....[...


You could see a leopard gecko.

Vanquished Creatures
  A bullfrog zombie (D:6)
  2 orc wizards (D:3)
  A hound skeleton (D:2)
  8 adders
  3 gnolls (D:3)
  2 worms
  2 dart slugs
  A leopard gecko (D:3)
  3 orcs (D:3)
  6 giant cockroaches
  8 goblins
  5 hobgoblins
  4 jackals
  5 kobolds
  A quokka (D:2)
  4 bats
  3 frilled lizards
  7 rats
66 creatures vanquished.

Notes
Turn   | Place    | Note
-------+----------+-------------------------------------------
     0 | D:1      | Lanoc the Halfling Wanderer began the quest for the Orb.
     0 | D:1      | Lanoc set off with the following items: a +2 hand crossbow,
                  | 23 bolts, a scroll of teleportation, a potion of
                  | lignification, a +0 robe
     0 | D:1      | Reached XP level 1. HP: 14/14 MP: 1/1
    92 | D:1      | Reached XP level 2. HP: 19/19 MP: 2/2
    96 | D:1      | Reached skill level 1 in Dodging
   309 | D:1      | Reached XP level 3. HP: 24/24 MP: 3/3
   422 | D:1      | You fall into a shaft and drop 1 floor!
   422 | D:2      | Found an iron altar of Okawaru.
   442 | D:2      | Found a glowing silver altar of Zin.
   442 | D:2      | Found a hazy altar of Hepliaklqana.
   449 | D:2      | Found an opulent altar of Gozag.
   469 | D:2      | Became a worshipper of Warmaster Okawaru
   587 | D:2      | Reached XP level 4. HP: 30/30 MP: 4/4
   711 | D:2      | Reached skill level 1 in Invocations
   819 | D:2      | Found a shattered altar of Ashenzari.
  1131 | D:3      | Reached XP level 5. HP: 36/36 MP: 4/6
  1235 | D:3      | Reached * piety under Okawaru
  1235 | D:3      | Reached XP level 6. HP: 28/42 MP: 7/7
  1568 | D:3      | Found a blossoming altar of Fedhas.
  1642 | D:3      | Reached skill level 1 in Slings
  1680 | D:3      | You fall into a shaft and drop 3 floors!
  1692 | D:6      | Noticed a sky beast
  1727 | D:6      | Slain by an unseen horror

Illustrated notes

Levels and vault maps discovered:
D:1:      scummos_arrival_simple_fountains, layout_rooms, palyth_stone_intersect
D:2:      layout_loops_cross, grunt_temple_overflow_open,
          nicolae_ashenzari_panopticon
D:3:      layout_rooms, overflow_temple_1_default
D:6:      layout_rooms, gammafunk_ghost_abyssal_escape, uniq_maggie

Skill      XL: |  1  2  3  4  5  6 |
---------------+-------------------+-----
Fighting       | 2 3 |  3.2
Dodging        | 1 2 3 |  3.0
Armour         | 2 3 |  3.3
Invocations    | 1 2 |  2.3
Slings         | 1 |  1.9
Crossbows      | |  2.1
Throwing       | |  2.0
Stealth        | |  1.1
Unarmed Combat | |  1.5

Action                   |  1- 3 |  4- 6 || total
-------------------------+-------+-------++-------
 Fire: Hand crossbow     |    55 |   111 ||   166
  Use: Potion            |       |     3 ||     3
Armor: Robe              |     1 |     6 ||     7
Dodge: Dodged            |    12 |    62 ||    74

Table legend: (Time is in decaauts)
 A = Elapsed time spent in this place.
 B = Non-inter-level travel time spent in this place.
 C = Inter-level travel time spent in this place.
 D = Time resting spent in this place.
 E = Time spent auto-exploring this place.
 F = Levels seen in this place.
 G = Mean time per level.
                   A        B        C        D        E       F      G
               +--------+--------+--------+--------+--------+-----+--------+
         Total |   1791 |   1787 |      4 |      0 |   1345 |   4 |  447.8 |
       Dungeon |   1791 |   1787 |      4 |      0 |   1345 |   4 |  447.8 |
               +--------+--------+--------+--------+--------+-----+--------+

Top non-repeatable levels by time:
     D:2: 706 daAuts
     D:3: 596 daAuts
     D:1: 436 daAuts
     D:6: 52 daAuts
